 Dungeon Crawl Stone Soup version 0.27-a0-1090-gb115f176c6 (webtiles) character file.

Game seed: 6563290973373807241

387 Azzok the Ruffian (level 6, 0/51 HPs)
             Began as a Ghoul Fighter on Apr 28, 2021.
             Slain by a phantom (5 damage)
             ... on level 4 of the Dungeon.
             The game lasted 00:02:30 (2548 turns).

Azzok the Ruffian (Ghoul Fighter)                   Turns: 2548, Time: 00:02:31

Health: 0/51       AC:  8    Str: 22    XL:     6   Next: 78%
Magic:  5/5        EV:  7    Int:  3    God:
Gold:   91         SH: 10    Dex: 14    Spells: 5/5 levels left

rFire    . . .     SeeInvis .     - Unarmed
rCold    + . .     Faith    .   b - +0 kite shield
rNeg     + + +     Spirit   .   a - +0 scale mail
rPois    ∞         Reflect  .   (no helmet)
rElec    .         Harm     .   l - +0 cloak
rCorr    .         Rampage  .   (no gloves)
Will     .....                  (no boots)
Stlth    ..........             (no amulet)
HPRegen  0.00/turn              g - +6 ring of dexterity
MPRegen  0.09/turn              (no ring)

@: mighty
A: claws 1, cold resistance 1, negative energy resistance 3, inhibited
regeneration, torment resistance 2, unbreathing 1
a: no special abilities


You were on level 4 of the Dungeon.
You visited 1 branch of the dungeon, and saw 4 of its levels.

You collected 91 gold pieces.

Inventory:

Armour
 a - a +0 scale mail (worn)
 b - a +0 kite shield (worn)
 l - a +0 cloak (worn)
Jewellery
 g - a +6 ring of dexterity (left claw)
Scrolls
 d - 7 scrolls of identify {unknown}
 e - 3 scrolls of teleportation {unknown}
 h - a scroll of silence {unknown}
 i - a scroll of acquirement {unknown}
 k - a scroll of enchant weapon {unknown}
Potions
 c - a potion of might
 f - 2 potions of resistance {unknown}
 j - 2 potions of heal wounds {unknown}


   Skills:
 - Level 3.2 Fighting
 + Level 4.4 Armour
 + Level 4.4 Shields
 + Level 4.7 Unarmed Combat


You had 5 spell levels left.
You didn't know any spells.
Your spell library contained the following spells:

 Spells                   Type           Power      Damage    Failure   Level
 Beastly Appendage        Tmut           Unusable   N/A       N/A         1
 Wereblood                Tmut           Unusable   N/A       N/A         2
 Spider Form              Tmut/Pois      Unusable   N/A       N/A         3
 Ice Form                 Ice/Tmut       Unusable   N/A       N/A         4
 Hydra Form               Tmut           Unusable   N/A       N/A         5

Dungeon Overview and Level Annotations

Branches:
Dungeon (4/15)
 Temple: D:4-7

Altars:

Annotations:
D:3 1 runed translucent door, p0werm0de's ghost, amateur GrFi


Innate Abilities, Weirdness & Mutations

You thrive by killing the living.
You are immune to poison.
You have sharp fingernails.
Your flesh is cold resistant. (rC+)
You are immune to negative energy. (rN+++)
You do not regenerate when monsters are visible.
You are immune to unholy pain and torment.
You can survive without breathing.


Message History

You block the ogre's attack.
You claw the ogre!
The ogre is heavily wounded.
You scratch the ogre.
The ogre is heavily wounded.
You block the ogre's attack.
The phantom hits you but does no damage.
You scratch the ogre.
The ogre is severely wounded.
The ogre hits you with a +0 giant club!!
* * * LOW HITPOINT WARNING * * *
You block the phantom's attack.
You scratch the ogre.
The ogre is almost dead.
You block the ogre's attack. The phantom hits you.
* * * LOW HITPOINT WARNING * * *
The phantom blinks!
You blink.
Found a leather armour and a lumpy black potion.
You scratch the phantom but do no damage.
The phantom hits you.
* * * LOW HITPOINT WARNING * * *
You feel very mighty all of a sudden. The phantom hits you.
* * * LOW HITPOINT WARNING * * *
You claw the phantom!
The phantom is heavily damaged.
The phantom hits you but does no damage.
You scratch the phantom.
The phantom is heavily damaged.
The phantom hits you but does no damage.
You scratch the ogre.
You kill the ogre!
The phantom hits you but does no damage.
You barely miss the phantom.
The phantom is heavily damaged.
The phantom closely misses you.
You barely miss the phantom.
The phantom is heavily damaged.
The phantom hits you.
You die...

▒···▒▒▒▒▒ ··▒
▒<··'···▒····▒
▒···▒▒········
▒···▒▒········
▒···▒▒········
▒▒▒▒▒▒········
!▒▒·······▒▒▒▒▒
······)W····[··
▒····@·······
▒▒▒▒▒▒▒······
····· ···· ···
▒▒


You could see a phantom.

Vanquished Creatures
  Sigmund (D:2)
  An ogre (D:4)
  Crazy Yiuf (D:3)
  An orc wizard (D:3)
  4 adders
  A worm (D:2)
  A dart slug (D:2)
  4 orcs (D:3)
  4 bats
  4 endoplasms
  6 giant cockroaches
  2 goblins
  A hobgoblin (D:3)
  5 quokkas
  5 ball pythons
  A frilled lizard (D:2)
  3 kobolds
  6 rats
51 creatures vanquished.

Notes
Turn   | Place    | Note
-------+----------+-------------------------------------------
     0 | D:1      | Azzok the Ghoul Fighter began the quest for the Orb.
     0 | D:1      | Reached XP level 1. HP: 19/19 MP: 0/0
   127 | D:1      | Reached XP level 2. HP: 26/26 MP: 1/1
   402 | D:2      | Reached XP level 3. HP: 23/31 MP: 2/2
   537 | D:2      | Found a faded altar of an unknown god.
   836 | D:2      | Reached XP level 4. HP: 37/38 MP: 3/3
  1051 | D:2      | Noticed Sigmund
  1183 | D:2      | Killed Sigmund
  1184 | D:2      | Reached XP level 5. HP: 20/45 MP: 4/4
  1583 | D:3      | Found a runed translucent door.
  1613 | D:3      | Reached XP level 6. HP: 51/51 MP: 5/5
  1728 | D:3      | Noticed p0werm0de's ghost (amateur GrFi)
  1972 | D:3      | Found a runed translucent door.
  1973 | D:3      | Noticed Crazy Yiuf
  2360 | D:3      | Killed Crazy Yiuf
  2548 | D:4      | Slain by a phantom

Illustrated notes

Levels and vault maps discovered:
D:1:      minmay_arrival_radiant_lines, layout_rooms, minmay_misc_feat_columns,
          due_unseen_surprise
D:2:      layout_basic, basic_ecumenical_altar, minmay_pentomino_u2,
          uniq_sigmund
D:3:      layout_basic, ebering_ghost_sewer_d, grunt_decor_cap,
          uniq_crazy_yiuf_cottage
D:4:      cheibrodos_greedy_goblins, layout_basic, minmay_temple_entry_hall,
          minmay_misc_feat_five, minmay_splitting_lines

Skill      XL: |  1  2  3  4 |
---------------+-------------+-----
Armour         | 3 4 |  4.4
Shields        | 3 4 |  4.4
Unarmed Combat | 3 4 |  4.7
Fighting       | |  3.2

Action                   |  1- 3 |  4- 6 || total
-------------------------+-------+-------++-------
Melee: Unarmed           |    88 |    93 ||   181
  Use: Potion            |       |     1 ||     1
 Stab: Invisible         |       |     1 ||     1
Armor: Scale mail        |    40 |    33 ||    73
Dodge: Dodged            |    24 |    15 ||    39
Block: Kite shield       |    59 |    34 ||    93

Table legend: (Time is in decaauts)
 A = Elapsed time spent in this place.
 B = Non-inter-level travel time spent in this place.
 C = Inter-level travel time spent in this place.
 D = Time resting spent in this place.
 E = Time spent auto-exploring this place.
 F = Levels seen in this place.
 G = Mean time per level.
                   A        B        C        D        E       F      G
               +--------+--------+--------+--------+--------+-----+--------+
         Total |   2578 |   2516 |     62 |    347 |   1736 |   4 |  644.5 |
       Dungeon |   2578 |   2516 |     62 |    347 |   1736 |   4 |  644.5 |
               +--------+--------+--------+--------+--------+-----+--------+

Top non-repeatable levels by time:
     D:3: 1110 daAuts
     D:2: 1064 daAuts
     D:1: 381 daAuts
     D:4: 21 daAuts
